[ PARTIDA AOE2 · #493597868 ]
UnrankedMongoles vs Poles
[ ANÁLISIS DE REPETICIÓN · EXTRAÍDO DE LA PARTIDA GRABADA ]
Feudal
7:20
Castillos
25:08
Imperial
34:14
| APM promedio | 34.7 |
| APM pico | 69 |
| eAPM promedio | 21.8 |
| Aldeanos / militares | 66 / 10 |
Foco
⚔️ 32.1% · 🌾 67.9%
Mangudai ×9 · Mangonel ×1
Feudal
12:15
Castillos
15:51
Imperial
—
| APM promedio | 18.5 |
| APM pico | 45 |
| eAPM promedio | 11.6 |
| Aldeanos / militares | 77 / 73 |
Foco
⚔️ 30.6% · 🌾 69.4%
Knight ×48 · Scout Cavalry ×19 · Battering Ram ×4 · Obuch ×2
Feudal
9:50
Castillos
13:48
Imperial
31:12
| APM promedio | 44.4 |
| APM pico | 71 |
| eAPM promedio | 25.5 |
| Aldeanos / militares | 77 / 60 |
Foco
⚔️ 42.8% · 🌾 57.2%
Monk ×35 · Spearman ×12 · Mangonel ×11 · Battering Ram ×2
Feudal
11:14
Castillos
14:38
Imperial
30:10
| APM promedio | 28.5 |
| APM pico | 75 |
| eAPM promedio | 18.3 |
| Aldeanos / militares | 147 / 66 |
Foco
⚔️ 15.0% · 🌾 85.0%
Scout Cavalry ×38 · Knight ×28
Feudal
11:04
Castillos
16:08
Imperial
30:37
| APM promedio | 23.0 |
| APM pico | 47 |
| eAPM promedio | 16.5 |
| Aldeanos / militares | 135 / 67 |
Foco
⚔️ 21.2% · 🌾 78.8%
Knight ×60 · Scout Cavalry ×3 · Trebuchet (Packed) ×3 · Monk ×1
Feudal
13:16
Castillos
17:26
Imperial
—
| APM promedio | 26.1 |
| APM pico | 93 |
| eAPM promedio | 14.6 |
| Aldeanos / militares | 50 / 22 |
Foco
⚔️ 20.3% · 🌾 79.7%
Scout Cavalry ×13 · Monk ×6 · Knight ×2 · Scorpion ×1
Feudal
9:35
Castillos
20:26
Imperial
—
| APM promedio | 56.2 |
| APM pico | 124 |
| eAPM promedio | 25.1 |
| Aldeanos / militares | 66 / 62 |
Foco
⚔️ 35.5% · 🌾 64.5%
Knight ×21 · Konnik ×21 · Archer ×9 · Militia ×7 · Petard ×4
Feudal
10:58
Castillos
20:29
Imperial
—
| APM promedio | 25.4 |
| APM pico | 47 |
| eAPM promedio | 12.6 |
| Aldeanos / militares | 70 / 18 |
Foco
⚔️ 23.3% · 🌾 76.7%
Conquistador ×8 · Spearman ×5 · Battering Ram ×3 · Petard ×2
Mapa de la partida
Recursos iniciales + cada clic de construcción. Líneas = muros · curvas = relieve. ◆ oro · ⬟ piedra · ● bayas · ✦ reliquia · ◌ hueco del cierre
Tu base· ✓ Cerrada en 25:08 · 33t muro · 4 puerta(s)
Base de Arabia practice· ✓ Cerrada en 15:51 · 0t muro · 2 puerta(s)
Base de LRNI MarinM· ✓ Cerrada en 13:48 · 0t muro · 2 puerta(s)
Base de BurgeeBoy· ✓ Cerrada en 14:38 · 0t muro · 3 puerta(s)
Base de LRNI_robotech· ✓ Cerrada en 16:08 · 0t muro · 2 puerta(s)
Base de francisco.jose.serpa· ✓ Cerrada en 17:26 · 23t muro · 3 puerta(s)
Base de shaila· ✓ Cerrada en 20:26 · 15t muro · 3 puerta(s)
Base de AI [Easy]· ✓ Cerrada en 20:29 · 42t muro · 2 puerta(s)
Terreno inicial suavizado · ◌ = hueco del cierre detectado · pasá el cursor para detalles
Inputs por minuto
— LRNI_UzuI - - Arabia practice
Build order — LRNI_UzuI
Primeras 150 de 194 acciones detectadas
| 0:02 | Construir | House |
| 0:03 | Construir | House |
| 0:03 | Crear | Villager (Male) ×4 |
| 1:35 | Crear | Villager (Male) |
| 1:35 | Crear | Villager (Male) |
| 1:49 | Construir | Lumber Camp |
| 1:54 | Crear | Villager (Male) |
| 1:54 | Crear | Villager (Male) |
| 1:54 | Crear | Villager (Male) |
| 2:18 | Crear | Villager (Male) |
| 2:19 | Crear | Villager (Male) |
| 3:04 | Crear | Villager (Male) |
| 3:28 | Crear | Villager (Male) |
| 3:53 | Construir | Mill |
| 4:08 | Crear | Villager (Male) |
| 4:17 | Investigar | Loom |
| 5:10 | Investigar | Feudal Age |
| 5:10 | Investigar | Feudal Age |
| 5:23 | Construir | House |
| 6:39 | Construir | Mining Camp |
| 6:43 | Crear | Villager (Male) |
| 7:20 | Edad | Edad Feudal |
| 7:24 | Construir | Watch Tower |
| 7:43 | Crear | Villager (Male) |
| 8:15 | Crear | Villager (Male) |
| 8:20 | Construir | Blacksmith |
| 8:53 | Investigar | Fletching |
| 8:53 | Investigar | Fletching |
| 9:05 | Construir | House |
| 9:31 | Crear | Villager (Male) |
| 9:31 | Crear | Villager (Male) |
| 10:09 | Construir | Watch Tower |
| 10:21 | Crear | Villager (Male) |
| 10:47 | Construir | House |
| 10:47 | Construir | House |
| 11:11 | Crear | Villager (Male) |
| 11:18 | Construir | House |
| 11:22 | Construir | Market |
| 11:48 | Crear | Villager (Male) |
| 11:48 | Crear | Villager (Male) |
| 12:23 | Construir | Watch Tower |
| 12:35 | Crear | Villager (Male) |
| 12:35 | Crear | Villager (Male) |
| 12:41 | Construir | House |
| 13:08 | Crear | Villager (Male) |
| 13:09 | Crear | Villager (Male) |
| 13:27 | Construir | Watch Tower |
| 13:40 | Crear | Villager (Male) |
| 13:44 | Construir | House |
| 13:44 | Construir | House |
| 14:27 | Crear | Villager (Male) |
| 14:27 | Crear | Villager (Male) |
| 14:49 | Crear | Villager (Male) |
| 14:49 | Crear | Villager (Male) |
| 15:16 | Construir | Mill |
| 15:21 | Crear | Villager (Male) |
| 15:24 | Construir | House |
| 15:24 | Construir | House |
| 15:46 | Crear | Villager (Male) |
| 16:05 | Crear | Villager (Male) |
| 16:35 | Crear | Villager (Male) |
| 16:43 | Construir | Gate |
| 16:50 | Construir | Stone Wall |
| 16:51 | Construir | Stone Wall |
| 16:55 | Construir | Gate |
| 17:04 | Crear | Villager (Male) |
| 17:09 | Construir | Mill |
| 17:13 | Construir | Farm |
| 17:13 | Construir | Farm |
| 17:14 | Construir | Farm |
| 17:14 | Construir | Farm |
| 17:14 | Construir | Farm |
| 17:14 | Construir | Farm |
| 17:14 | Construir | Farm |
| 17:14 | Construir | Farm |
| 17:29 | Crear | Villager (Male) |
| 17:31 | Construir | House |
| 17:32 | Construir | House |
| 17:58 | Crear | Villager (Male) |
| 18:05 | Construir | Mining Camp |
| 18:14 | Construir | Palisade Wall |
| 18:27 | Crear | Villager (Male) |
| 18:36 | Construir | House |
| 18:38 | Construir | House |
| 18:38 | Construir | House |
| 18:52 | Crear | Villager (Male) |
| 18:55 | Crear | Villager (Male) |
| 18:57 | Construir | Farm |
| 19:07 | Construir | Stone Wall |
| 19:08 | Construir | Stone Wall |
| 19:11 | Construir | Stone Wall |
| 19:13 | Construir | Stone Wall |
| 19:18 | Crear | Villager (Male) |
| 19:22 | Construir | Farm |
| 19:24 | Construir | Farm |
| 19:30 | Crear | Villager (Male) |
| 19:48 | Construir | Farm |
| 20:10 | Crear | Villager (Male) |
| 20:14 | Construir | House |
| 20:17 | Construir | Farm |
| 20:19 | Construir | Farm |
| 20:59 | Crear | Villager (Male) |
| 21:04 | Construir | House |
| 21:08 | Construir | House |
| 21:27 | Crear | Villager (Male) |
| 21:49 | Construir | House |
| 22:07 | Construir | Stone Wall |
| 22:09 | Construir | Stone Wall |
| 22:10 | Construir | Stone Wall |
| 22:10 | Construir | Stone Wall |
| 22:11 | Construir | Stone Wall |
| 22:12 | Construir | Stone Wall |
| 22:28 | Investigar | Castle Age |
| 22:29 | Investigar | Castle Age |
| 22:29 | Investigar | Castle Age |
| 22:41 | Construir | House |
| 22:41 | Construir | House |
| 22:49 | Investigar | Gold Mining |
| 22:49 | Investigar | Gold Mining |
| 23:04 | Construir | Farm |
| 23:18 | Construir | House |
| 23:19 | Construir | House |
| 23:38 | Construir | Stone Wall |
| 23:53 | Construir | Palisade Wall |
| 23:54 | Construir | Palisade Wall |
| 23:55 | Construir | Palisade Wall |
| 23:56 | Construir | Palisade Wall |
| 24:42 | Investigar | Horse Collar |
| 25:08 | Edad | Edad de los Castillos |
| 25:12 | Construir | Castle |
| 25:32 | Construir | Palisade Wall |
| 25:39 | Crear | Villager (Male) |
| 25:51 | Investigar | Bodkin Arrow |
| 26:20 | Construir | Farm |
| 26:22 | Construir | Farm |
| 26:24 | Crear | Villager (Male) |
| 26:36 | Construir | Siege Workshop |
| 26:48 | Construir | University |
| 26:51 | Crear | Villager (Male) |
| 26:52 | Investigar | Wheelbarrow |
| 27:28 | Construir | Lumber Camp |
| 27:32 | Investigar | Double-Bit Axe |
| 28:02 | Investigar | Fortified Wall (upgrade) |
| 28:10 | Investigar | Guard Tower (upgrade) |
| 28:16 | Crear | Villager (Male) |
| 28:50 | Crear | Villager (Male) |
| 29:12 | Crear | Villager (Male) |
| 29:25 | Crear | Villager (Male) |
| 30:04 | Crear | Villager (Male) |
| 30:34 | Crear | Villager (Male) |
Build order — Arabia practice
Primeras 150 de 218 acciones detectadas
| 0:02 | Investigar | Loom |
| 0:02 | Investigar | Loom |
| 0:04 | Crear | Villager (Male) ×4 |
| 0:04 | Crear | Villager (Male) |
| 0:07 | Construir | House |
| 0:09 | Construir | House |
| 1:33 | Crear | Villager (Male) |
| 1:47 | Construir | Mill |
| 2:06 | Crear | Villager (Male) |
| 2:30 | Crear | Villager (Male) |
| 2:50 | Crear | Villager (Male) |
| 3:15 | Crear | Villager (Male) |
| 3:37 | Crear | Villager (Male) |
| 4:07 | Crear | Villager (Male) |
| 4:07 | Crear | Villager (Male) |
| 4:08 | Crear | Villager (Male) |
| 4:26 | Construir | Lumber Camp |
| 5:01 | Crear | Villager (Male) |
| 5:30 | Crear | Villager (Male) |
| 5:50 | Crear | Villager (Male) |
| 5:50 | Crear | Villager (Male) |
| 6:00 | Construir | House |
| 6:02 | Construir | House |
| 6:38 | Crear | Villager (Male) |
| 6:54 | Construir | Mill |
| 6:58 | Crear | Villager (Male) |
| 7:25 | Crear | Villager (Male) |
| 7:48 | Construir | Mining Camp |
| 7:51 | Crear | Villager (Male) |
| 8:19 | Crear | Villager (Male) |
| 8:42 | Construir | Farm |
| 8:45 | Construir | Farm |
| 8:47 | Construir | Farm |
| 8:49 | Crear | Villager (Male) |
| 8:52 | Crear | Villager (Male) |
| 9:38 | Crear | Villager (Male) |
| 9:58 | Investigar | Feudal Age |
| 10:41 | Construir | Farm |
| 10:43 | Construir | Farm |
| 11:06 | Crear | Villager (Male) |
| 11:06 | Crear | Villager (Male) |
| 11:15 | Construir | Farm |
| 11:18 | Construir | Farm |
| 11:30 | Construir | House |
| 12:15 | Edad | Edad Feudal |
| 12:17 | Construir | Market |
| 12:22 | Construir | Blacksmith |
| 12:46 | Investigar | Double-Bit Axe |
| 13:11 | Investigar | Castle Age |
| 13:19 | Investigar | Horse Collar |
| 13:48 | Construir | Barracks |
| 14:49 | Construir | Stable |
| 14:52 | Construir | House |
| 15:05 | Construir | Mining Camp |
| 15:10 | Crear | Villager (Male) |
| 15:51 | Edad | Edad de los Castillos |
| 15:53 | Crear | Knight |
| 16:11 | Construir | Castle |
| 16:14 | Crear | Villager (Male) |
| 16:20 | Investigar | Forging |
| 16:23 | Investigar | Scale Barding Armor |
| 16:37 | Crear | Knight |
| 16:42 | Crear | Villager (Male) |
| 16:54 | Construir | Farm |
| 16:54 | Construir | Farm |
| 16:54 | Construir | Farm |
| 16:55 | Construir | Farm |
| 16:55 | Construir | Farm |
| 16:55 | Construir | Farm |
| 16:56 | Construir | Farm |
| 17:00 | Crear | Villager (Male) |
| 17:03 | Crear | Knight |
| 17:26 | Construir | Farm |
| 17:39 | Crear | Villager (Male) |
| 17:44 | Crear | Scout Cavalry |
| 17:44 | Crear | Scout Cavalry |
| 18:08 | Construir | Farm |
| 18:09 | Crear | Villager (Male) |
| 18:11 | Investigar | Light Cavalry (upgrade) |
| 18:30 | Construir | House |
| 18:40 | Crear | Villager (Male) |
| 18:47 | Construir | Stable |
| 19:15 | Crear | Villager (Male) |
| 19:26 | Crear | Scout Cavalry |
| 19:30 | Investigar | Chain Barding Armor |
| 19:34 | Crear | Scout Cavalry |
| 19:34 | Crear | Scout Cavalry |
| 19:43 | Crear | Villager (Male) |
| 19:43 | Crear | Villager (Male) |
| 20:00 | Crear | Scout Cavalry |
| 20:00 | Crear | Scout Cavalry |
| 20:10 | Construir | Farm |
| 20:38 | Crear | Villager (Male) |
| 20:38 | Crear | Villager (Male) |
| 20:39 | Crear | Villager (Male) |
| 20:55 | Crear | Knight |
| 20:55 | Crear | Knight |
| 21:07 | Crear | Scout Cavalry |
| 21:25 | Construir | Farm |
| 21:29 | Construir | Mill |
| 21:33 | Construir | Farm |
| 21:33 | Construir | Farm |
| 21:34 | Construir | Farm |
| 21:34 | Construir | Farm |
| 21:41 | Crear | Villager (Male) |
| 21:43 | Crear | Scout Cavalry |
| 21:43 | Crear | Scout Cavalry |
| 21:57 | Construir | Farm |
| 21:59 | Crear | Villager (Male) |
| 22:02 | Investigar | Bloodlines |
| 22:28 | Crear | Villager (Male) |
| 22:31 | Construir | Farm |
| 22:35 | Crear | Scout Cavalry |
| 23:22 | Crear | Knight |
| 23:22 | Crear | Knight |
| 23:24 | Crear | Villager (Male) |
| 23:24 | Investigar | Loom |
| 23:43 | Construir | Town Center |
| 23:51 | Crear | Villager (Male) |
| 24:06 | Crear | Scout Cavalry |
| 24:06 | Crear | Scout Cavalry |
| 24:10 | Investigar | Forging |
| 24:13 | Crear | Villager (Male) |
| 24:14 | Crear | Villager (Male) |
| 24:31 | Construir | Farm |
| 24:32 | Investigar | Heavy Plow |
| 24:35 | Crear | Villager (Male) |
| 24:35 | Crear | Villager (Male) |
| 24:48 | Construir | Mill |
| 24:49 | Construir | Farm |
| 24:50 | Construir | Farm |
| 24:50 | Construir | Farm |
| 24:50 | Construir | Farm |
| 24:51 | Construir | Farm |
| 24:51 | Construir | Farm |
| 24:58 | Crear | Scout Cavalry |
| 24:58 | Crear | Scout Cavalry |
| 25:33 | Crear | Villager (Male) |
| 26:09 | Crear | Villager (Male) |
| 26:09 | Crear | Villager (Male) |
| 26:15 | Investigar | Szlachta Privileges |
| 26:26 | Construir | Monastery |
| 26:35 | Construir | Siege Workshop |
| 26:38 | Crear | Villager (Male) |
| 26:38 | Crear | Villager (Male) |
| 26:49 | Crear | Villager (Male) |
| 27:00 | Construir | House |
| 27:03 | Construir | House |
| 27:11 | Crear | Knight ×2 |
| 27:11 | Crear | Knight |
Build order — LRNI MarinM
Primeras 150 de 241 acciones detectadas
| 0:00 | Crear | Villager (Male) |
| 0:01 | Crear | Villager (Male) |
| 0:01 | Crear | Villager (Male) |
| 0:01 | Crear | Villager (Male) |
| 0:02 | Construir | House |
| 0:03 | Construir | House |
| 1:23 | Crear | Villager (Male) |
| 1:23 | Crear | Villager (Male) |
| 1:44 | Construir | Lumber Camp |
| 2:00 | Crear | Villager (Male) |
| 2:01 | Crear | Villager (Male) |
| 2:15 | Crear | Villager (Male) |
| 2:15 | Crear | Villager (Male) |
| 2:46 | Crear | Villager (Male) |
| 2:46 | Crear | Villager (Male) |
| 3:04 | Crear | Villager (Male) |
| 3:29 | Crear | Villager (Male) |
| 3:30 | Crear | Villager (Male) |
| 3:50 | Construir | House |
| 3:51 | Construir | House |
| 3:54 | Crear | Villager (Male) |
| 3:54 | Crear | Villager (Male) |
| 4:15 | Construir | Mill |
| 4:22 | Crear | Villager (Male) |
| 4:22 | Crear | Villager (Male) |
| 4:45 | Crear | Villager (Male) |
| 4:46 | Crear | Villager (Male) |
| 5:09 | Crear | Villager (Male) |
| 5:31 | Crear | Villager (Male) |
| 5:32 | Crear | Villager (Male) |
| 5:32 | Crear | Villager (Male) |
| 6:17 | Construir | Mill |
| 6:50 | Crear | Villager (Male) |
| 7:08 | Construir | Mining Camp |
| 7:40 | Investigar | Feudal Age |
| 7:41 | Investigar | Feudal Age |
| 7:43 | Investigar | Loom |
| 8:29 | Construir | House |
| 9:06 | Crear | Villager (Male) |
| 9:50 | Edad | Edad Feudal |
| 9:52 | Construir | Market |
| 9:54 | Construir | Blacksmith |
| 11:08 | Investigar | Castle Age |
| 11:08 | Investigar | Castle Age |
| 11:24 | Construir | Barracks |
| 11:47 | Investigar | Double-Bit Axe |
| 11:47 | Investigar | Double-Bit Axe |
| 12:03 | Construir | Farm |
| 12:07 | Construir | Farm |
| 12:17 | Investigar | Gold Mining |
| 12:17 | Investigar | Gold Mining |
| 12:51 | Crear | Spearman |
| 12:52 | Crear | Spearman |
| 13:03 | Crear | Villager (Male) |
| 13:32 | Crear | Villager (Male) |
| 13:48 | Edad | Edad de los Castillos |
| 13:49 | Construir | Monastery |
| 13:51 | Construir | Monastery |
| 14:21 | Construir | House |
| 14:22 | Construir | House |
| 14:31 | Crear | Villager (Male) |
| 14:36 | Crear | Monk |
| 14:36 | Crear | Monk |
| 14:58 | Construir | Siege Workshop |
| 15:03 | Crear | Villager (Male) |
| 15:11 | Crear | Villager (Male) |
| 15:38 | Crear | Battering Ram |
| 15:48 | Crear | Monk |
| 15:48 | Crear | Monk |
| 16:13 | Crear | Villager (Male) |
| 16:13 | Crear | Villager (Male) |
| 16:13 | Crear | Villager (Male) |
| 16:17 | Construir | Farm |
| 16:20 | Construir | Farm |
| 16:23 | Construir | Farm |
| 16:28 | Crear | Monk |
| 16:28 | Crear | Monk |
| 16:40 | Crear | Monk |
| 16:40 | Crear | Monk |
| 17:01 | Construir | Farm |
| 17:08 | Construir | House |
| 17:09 | Construir | House |
| 17:11 | Crear | Villager (Male) |
| 17:11 | Crear | Villager (Male) |
| 17:13 | Construir | Farm |
| 18:02 | Crear | Villager (Male) |
| 18:02 | Crear | Villager (Male) |
| 18:11 | Crear | Spearman |
| 18:11 | Crear | Spearman |
| 18:33 | Construir | Farm |
| 18:33 | Construir | Farm |
| 18:34 | Construir | Farm |
| 18:34 | Construir | Farm |
| 18:34 | Construir | Farm |
| 18:34 | Construir | Farm |
| 18:35 | Construir | Farm |
| 18:36 | Crear | Villager (Male) |
| 18:37 | Crear | Villager (Male) |
| 18:50 | Investigar | Redemption |
| 18:50 | Investigar | Redemption |
| 18:51 | Investigar | Sanctity |
| 18:53 | Crear | Villager (Male) |
| 19:13 | Crear | Villager (Male) |
| 19:31 | Construir | Farm |
| 19:31 | Construir | Farm |
| 19:31 | Construir | Farm |
| 19:31 | Construir | Farm |
| 19:32 | Construir | Farm |
| 19:42 | Crear | Villager (Male) |
| 19:42 | Crear | Villager (Male) |
| 19:58 | Crear | Villager (Male) |
| 19:59 | Crear | Villager (Male) |
| 20:23 | Investigar | Fervor |
| 20:25 | Crear | Monk |
| 20:25 | Crear | Monk |
| 20:27 | Crear | Mangonel |
| 20:28 | Crear | Villager (Male) |
| 20:30 | Crear | Villager (Male) |
| 20:35 | Construir | Farm |
| 20:35 | Construir | Farm |
| 20:35 | Construir | Farm |
| 20:36 | Crear | Villager (Male) |
| 21:09 | Crear | Villager (Male) |
| 21:13 | Crear | Monk |
| 21:13 | Crear | Monk |
| 21:58 | Crear | Monk |
| 21:58 | Crear | Monk |
| 22:00 | Crear | Villager (Male) |
| 22:03 | Construir | Farm |
| 22:03 | Construir | Farm |
| 22:03 | Construir | Farm |
| 22:03 | Construir | Farm |
| 22:04 | Construir | Farm |
| 22:05 | Crear | Villager (Male) |
| 22:21 | Investigar | Atonement |
| 22:21 | Investigar | Atonement |
| 22:24 | Crear | Monk |
| 22:24 | Crear | Monk |
| 22:27 | Construir | House |
| 22:27 | Construir | House |
| 22:30 | Crear | Villager (Male) |
| 22:32 | Construir | House |
| 22:33 | Construir | House |
| 22:40 | Investigar | Horse Collar |
| 23:12 | Investigar | Devotion |
| 23:14 | Crear | Villager (Male) |
| 23:14 | Crear | Villager (Male) |
| 23:24 | Crear | Monk |
| 23:26 | Crear | Villager (Male) |
| 23:26 | Crear | Villager (Male) |
Build order — BurgeeBoy
Primeras 150 de 326 acciones detectadas
| 0:01 | Crear | Villager (Male) |
| 0:01 | Crear | Villager (Male) |
| 0:03 | Construir | House |
| 0:05 | Construir | House |
| 0:41 | Crear | Villager (Male) |
| 0:42 | Crear | Villager (Male) |
| 0:42 | Crear | Villager (Male) |
| 0:42 | Crear | Villager (Male) |
| 1:16 | Crear | Villager (Male) |
| 1:52 | Construir | Lumber Camp |
| 1:56 | Crear | Villager (Male) |
| 2:11 | Crear | Villager (Male) |
| 2:11 | Crear | Villager (Male) |
| 2:56 | Crear | Villager (Male) |
| 3:14 | Construir | House |
| 3:18 | Construir | House |
| 3:28 | Crear | Villager (Male) |
| 3:28 | Crear | Villager (Male) |
| 3:49 | Construir | Mill |
| 4:00 | Construir | House |
| 4:04 | Crear | Villager (Male) |
| 4:30 | Construir | House |
| 4:40 | Crear | Villager (Male) |
| 4:40 | Crear | Villager (Male) |
| 5:11 | Crear | Villager (Male) |
| 5:11 | Crear | Villager (Male) |
| 5:19 | Construir | Farm |
| 5:23 | Construir | Farm |
| 5:53 | Construir | Farm |
| 5:54 | Crear | Villager (Male) |
| 6:23 | Crear | Villager (Male) |
| 6:23 | Crear | Villager (Male) |
| 6:23 | Crear | Villager (Male) |
| 6:36 | Crear | Villager (Male) |
| 6:37 | Crear | Villager (Male) |
| 6:38 | Crear | Villager (Male) |
| 6:44 | Crear | Villager (Male) |
| 6:44 | Crear | Villager (Male) |
| 7:18 | Construir | Mill |
| 8:26 | Construir | Mining Camp |
| 9:10 | Investigar | Feudal Age |
| 9:38 | Crear | Villager (Male) |
| 9:38 | Crear | Villager (Male) |
| 11:14 | Edad | Edad Feudal |
| 11:16 | Construir | Blacksmith |
| 11:28 | Construir | Market |
| 12:13 | Investigar | Castle Age |
| 13:05 | Crear | Villager (Male) |
| 13:05 | Crear | Villager (Male) |
| 13:12 | Investigar | Double-Bit Axe |
| 13:25 | Construir | Barracks |
| 13:39 | Construir | Farm |
| 13:41 | Construir | Farm |
| 13:44 | Investigar | Horse Collar |
| 14:27 | Construir | Stable |
| 14:38 | Edad | Edad de los Castillos |
| 14:40 | Investigar | Loom |
| 15:01 | Crear | Knight |
| 15:01 | Crear | Knight |
| 15:10 | Crear | Villager (Male) |
| 15:34 | Crear | Villager (Male) |
| 15:39 | Construir | House |
| 15:43 | Construir | House |
| 15:50 | Construir | Palisade Gate |
| 15:54 | Construir | House |
| 16:02 | Crear | Villager (Male) |
| 16:08 | Crear | Knight |
| 16:10 | Construir | Farm |
| 16:12 | Crear | Villager (Male) |
| 16:41 | Crear | Villager (Male) |
| 16:41 | Crear | Villager (Male) |
| 17:14 | Crear | Villager (Male) |
| 17:14 | Crear | Villager (Male) |
| 17:20 | Construir | Town Center |
| 17:38 | Construir | Town Center |
| 17:56 | Construir | Farm |
| 17:57 | Construir | Farm |
| 17:59 | Construir | Farm |
| 18:13 | Crear | Villager (Male) |
| 18:14 | Crear | Villager (Male) |
| 18:34 | Construir | House |
| 18:35 | Construir | House |
| 18:37 | Construir | House |
| 18:38 | Construir | House |
| 18:42 | Crear | Villager (Male) |
| 18:43 | Crear | Villager (Male) |
| 19:02 | Crear | Villager (Male) |
| 19:02 | Crear | Villager (Male) |
| 19:27 | Construir | Farm |
| 19:29 | Construir | Farm |
| 19:33 | Construir | Farm |
| 19:36 | Construir | Farm |
| 19:39 | Construir | Farm |
| 19:42 | Investigar | Wheelbarrow |
| 19:42 | Crear | Villager (Male) |
| 19:43 | Crear | Villager (Male) |
| 19:49 | Construir | Farm |
| 19:53 | Construir | Farm |
| 19:58 | Crear | Villager (Male) |
| 19:58 | Crear | Villager (Male) |
| 20:01 | Crear | Villager (Male) |
| 20:32 | Crear | Villager (Male) |
| 20:32 | Crear | Villager (Male) |
| 20:36 | Construir | Farm |
| 20:37 | Construir | Farm |
| 20:38 | Construir | Farm |
| 20:40 | Construir | Farm |
| 20:41 | Construir | Farm |
| 20:44 | Construir | Farm |
| 20:45 | Construir | Farm |
| 21:16 | Construir | Farm |
| 21:19 | Construir | Farm |
| 21:26 | Construir | House |
| 21:27 | Construir | House |
| 21:28 | Construir | House |
| 21:31 | Crear | Villager (Male) |
| 21:31 | Crear | Villager (Male) |
| 21:31 | Crear | Villager (Male) |
| 21:49 | Construir | Town Center |
| 21:57 | Crear | Villager (Male) |
| 21:57 | Crear | Villager (Male) |
| 21:58 | Crear | Villager (Male) |
| 21:58 | Crear | Villager (Male) |
| 21:58 | Crear | Villager (Male) |
| 22:13 | Crear | Villager (Male) |
| 22:14 | Crear | Villager (Male) |
| 22:14 | Crear | Villager (Male) |
| 22:18 | Construir | Farm |
| 22:20 | Construir | Farm |
| 22:21 | Construir | Farm |
| 22:22 | Construir | Farm |
| 22:24 | Construir | Farm |
| 22:35 | Construir | Lumber Camp |
| 22:41 | Crear | Villager (Male) |
| 22:42 | Crear | Villager (Male) |
| 22:42 | Crear | Villager (Male) |
| 22:48 | Construir | Farm |
| 22:53 | Construir | Farm |
| 22:57 | Crear | Villager (Male) |
| 22:57 | Crear | Villager (Male) |
| 22:58 | Crear | Villager (Male) |
| 22:59 | Crear | Villager (Male) |
| 23:07 | Construir | House |
| 23:21 | Investigar | Hand Cart |
| 23:25 | Construir | House |
| 23:26 | Construir | House |
| 23:27 | Construir | House |
| 23:28 | Construir | House |
| 23:36 | Crear | Villager (Male) |
| 23:36 | Crear | Villager (Male) |
Build order — LRNI_robotech
Primeras 150 de 290 acciones detectadas
| 0:00 | Crear | Villager (Male) |
| 0:01 | Crear | Villager (Male) |
| 0:02 | Construir | House |
| 0:04 | Construir | House |
| 0:04 | Crear | Villager (Male) |
| 0:06 | Crear | Villager (Male) |
| 1:24 | Crear | Villager (Male) |
| 1:45 | Construir | Lumber Camp |
| 2:02 | Crear | Villager (Male) |
| 2:02 | Crear | Villager (Male) |
| 2:21 | Crear | Villager (Male) |
| 2:33 | Crear | Villager (Male) |
| 2:34 | Crear | Villager (Male) |
| 3:05 | Crear | Villager (Male) |
| 3:05 | Crear | Villager (Male) |
| 3:24 | Construir | House |
| 3:26 | Construir | House |
| 3:28 | Construir | House |
| 3:49 | Crear | Villager (Male) |
| 4:14 | Crear | Villager (Male) |
| 4:29 | Crear | Villager (Male) |
| 4:39 | Construir | Mill |
| 4:51 | Crear | Villager (Male) |
| 4:51 | Crear | Villager (Male) |
| 5:24 | Crear | Villager (Male) |
| 5:24 | Crear | Villager (Male) |
| 5:25 | Crear | Villager (Male) |
| 5:55 | Crear | Villager (Male) |
| 5:55 | Crear | Villager (Male) |
| 6:17 | Crear | Villager (Male) |
| 7:08 | Crear | Villager (Male) |
| 7:17 | Crear | Villager (Male) |
| 7:41 | Construir | Farm |
| 7:45 | Construir | Farm |
| 7:47 | Construir | Farm |
| 7:52 | Construir | Farm |
| 7:52 | Crear | Villager (Male) |
| 8:02 | Crear | Villager (Male) |
| 8:06 | Construir | Mining Camp |
| 8:54 | Investigar | Feudal Age |
| 10:28 | Construir | Mill |
| 10:43 | Crear | Villager (Male) |
| 10:44 | Crear | Villager (Male) |
| 10:45 | Crear | Villager (Male) |
| 11:04 | Edad | Edad Feudal |
| 11:06 | Construir | Blacksmith |
| 11:11 | Construir | Market |
| 11:24 | Construir | Farm |
| 11:37 | Construir | Farm |
| 11:38 | Crear | Villager (Male) |
| 12:00 | Crear | Villager (Male) |
| 12:40 | Construir | House |
| 12:50 | Crear | Villager (Male) |
| 13:28 | Investigar | Castle Age |
| 13:43 | Investigar | Double-Bit Axe |
| 14:02 | Construir | Farm |
| 14:03 | Construir | Farm |
| 14:08 | Construir | House |
| 14:16 | Investigar | Gold Mining |
| 14:33 | Construir | Farm |
| 14:34 | Construir | Farm |
| 14:35 | Construir | Farm |
| 14:36 | Construir | Farm |
| 14:41 | Construir | Barracks |
| 15:00 | Investigar | Forging |
| 15:15 | Crear | Villager (Male) |
| 15:17 | Crear | Villager (Male) |
| 15:51 | Construir | Stable |
| 16:08 | Edad | Edad de los Castillos |
| 16:09 | Investigar | Bow Saw |
| 16:11 | Crear | Villager (Male) |
| 16:11 | Crear | Villager (Male) |
| 16:23 | Investigar | Scale Barding Armor |
| 16:27 | Construir | House |
| 16:32 | Crear | Villager (Male) |
| 16:47 | Construir | Farm |
| 16:51 | Crear | Scout Cavalry |
| 16:54 | Crear | Knight |
| 16:54 | Crear | Knight |
| 16:54 | Crear | Knight |
| 16:55 | Crear | Knight |
| 17:09 | Crear | Villager (Male) |
| 17:22 | Construir | House |
| 17:24 | Crear | Villager (Male) |
| 17:47 | Construir | Town Center |
| 17:55 | Construir | House |
| 17:57 | Crear | Villager (Male) |
| 18:04 | Crear | Knight |
| 18:16 | Crear | Villager (Male) |
| 18:16 | Crear | Villager (Male) |
| 18:29 | Crear | Villager (Male) |
| 18:36 | Construir | House |
| 18:44 | Crear | Scout Cavalry |
| 18:52 | Crear | Villager (Male) |
| 18:58 | Construir | Farm |
| 19:11 | Construir | House |
| 19:17 | Crear | Villager (Male) |
| 19:17 | Crear | Villager (Male) |
| 19:17 | Crear | Villager (Male) |
| 19:20 | Crear | Scout Cavalry |
| 19:22 | Crear | Knight |
| 19:29 | Construir | Farm |
| 19:30 | Construir | Farm |
| 19:47 | Crear | Villager (Male) |
| 19:50 | Construir | House |
| 19:52 | Crear | Villager (Male) |
| 19:52 | Crear | Villager (Male) |
| 19:56 | Construir | Farm |
| 19:57 | Construir | Farm |
| 20:01 | Crear | Villager (Male) |
| 20:01 | Crear | Villager (Male) |
| 20:06 | Construir | Farm |
| 20:11 | Construir | Farm |
| 20:16 | Crear | Villager (Male) |
| 20:17 | Crear | Villager (Male) |
| 20:24 | Construir | House |
| 21:01 | Crear | Villager (Male) |
| 21:01 | Crear | Villager (Male) |
| 21:04 | Construir | House |
| 21:07 | Crear | Villager (Male) |
| 21:22 | Crear | Knight ×2 |
| 21:22 | Crear | Knight ×2 |
| 22:30 | Crear | Villager (Male) |
| 22:30 | Crear | Villager (Male) |
| 22:33 | Crear | Villager (Male) |
| 22:34 | Crear | Villager (Male) |
| 22:34 | Crear | Villager (Male) |
| 22:41 | Construir | Monastery |
| 22:50 | Construir | Town Center |
| 22:52 | Crear | Villager (Male) |
| 22:53 | Crear | Villager (Male) |
| 22:57 | Construir | Farm |
| 22:57 | Construir | Farm |
| 22:58 | Construir | Farm |
| 22:58 | Construir | Farm |
| 22:59 | Construir | Farm |
| 22:59 | Construir | Farm |
| 23:00 | Crear | Villager (Male) |
| 23:01 | Crear | Villager (Male) |
| 23:15 | Construir | House |
| 23:16 | Construir | House |
| 23:19 | Construir | Stable |
| 23:28 | Investigar | Iron Casting |
| 23:31 | Crear | Monk |
| 23:51 | Construir | Mining Camp |
| 23:52 | Crear | Villager (Male) |
| 24:12 | Crear | Villager (Male) |
| 24:13 | Crear | Villager (Male) |
| 24:14 | Crear | Villager (Male) |
| 24:15 | Crear | Villager (Male) |
Build order — francisco.jose.serpa
Primeras 150 de 152 acciones detectadas
| 0:00 | Crear | Villager (Male) |
| 0:02 | Construir | House |
| 0:04 | Construir | House |
| 0:05 | Crear | Villager (Male) |
| 0:11 | Crear | Villager (Male) |
| 0:15 | Crear | Villager (Male) |
| 1:27 | Crear | Villager (Male) |
| 1:44 | Construir | Lumber Camp |
| 2:01 | Crear | Villager (Male) |
| 2:17 | Crear | Villager (Male) |
| 2:50 | Crear | Villager (Male) |
| 2:50 | Crear | Villager (Male) |
| 3:15 | Crear | Villager (Male) |
| 3:45 | Crear | Villager (Male) |
| 4:10 | Construir | House |
| 4:13 | Construir | House |
| 4:15 | Construir | House |
| 4:18 | Crear | Villager (Male) |
| 4:45 | Crear | Villager (Male) |
| 4:45 | Crear | Villager (Male) |
| 4:50 | Construir | Mill |
| 5:35 | Crear | Villager (Male) |
| 5:36 | Crear | Villager (Male) |
| 6:20 | Construir | Mill |
| 6:26 | Crear | Villager (Male) |
| 6:30 | Crear | Villager (Male) |
| 6:49 | Crear | Villager (Male) |
| 7:39 | Crear | Villager (Male) |
| 8:11 | Crear | Villager (Male) |
| 8:36 | Crear | Villager (Male) |
| 8:49 | Construir | Farm |
| 8:55 | Crear | Villager (Male) |
| 9:21 | Crear | Villager (Male) |
| 9:29 | Crear | Villager (Male) |
| 9:30 | Crear | Villager (Male) |
| 9:30 | Crear | Villager (Male) |
| 9:49 | Investigar | Feudal Age |
| 10:27 | Construir | House |
| 10:32 | Construir | Palisade Wall |
| 10:33 | Crear | Villager (Male) |
| 10:37 | Construir | Mining Camp |
| 10:44 | Construir | Palisade Wall |
| 10:48 | Construir | Palisade Wall |
| 10:49 | Crear | Villager (Male) |
| 11:18 | Construir | Farm |
| 11:21 | Construir | Farm |
| 11:24 | Construir | Farm |
| 11:53 | Construir | House |
| 12:33 | Construir | Palisade Wall |
| 12:42 | Crear | Villager (Male) |
| 12:55 | Crear | Villager (Male) |
| 12:58 | Construir | Farm |
| 13:01 | Construir | Farm |
| 13:05 | Construir | Farm |
| 13:11 | Construir | Farm |
| 13:11 | Construir | Farm |
| 13:11 | Construir | Farm |
| 13:12 | Construir | Farm |
| 13:16 | Edad | Edad Feudal |
| 13:25 | Construir | Blacksmith |
| 13:32 | Construir | Market |
| 13:54 | Crear | Villager (Male) |
| 14:04 | Construir | House |
| 14:07 | Construir | House |
| 14:09 | Crear | Villager (Male) |
| 14:28 | Construir | House |
| 14:31 | Construir | Palisade Wall |
| 14:37 | Construir | House |
| 14:40 | Construir | House |
| 14:41 | Crear | Villager (Male) |
| 14:46 | Investigar | Castle Age |
| 15:23 | Construir | Watch Tower |
| 15:33 | Construir | Farm |
| 15:50 | Crear | Villager (Male) |
| 15:59 | Crear | Villager (Male) |
| 16:09 | Construir | Palisade Wall |
| 16:28 | Construir | House |
| 16:30 | Construir | Palisade Wall |
| 16:32 | Construir | House |
| 16:33 | Construir | House |
| 16:37 | Construir | Barracks |
| 16:46 | Crear | Villager (Male) |
| 17:05 | Crear | Villager (Male) |
| 17:10 | Construir | Farm |
| 17:11 | Construir | Farm |
| 17:26 | Edad | Edad de los Castillos |
| 17:28 | Construir | Farm |
| 17:38 | Construir | Monastery |
| 18:02 | Construir | Siege Workshop |
| 18:04 | Crear | Villager (Male) |
| 18:40 | Crear | Villager (Male) |
| 18:51 | Crear | Villager (Male) |
| 19:06 | Crear | Scorpion |
| 19:17 | Crear | Monk |
| 19:17 | Crear | Monk |
| 20:00 | Construir | House |
| 20:02 | Construir | House |
| 20:09 | Construir | House |
| 20:26 | Crear | Villager (Male) |
| 20:57 | Crear | Monk |
| 21:28 | Crear | Monk |
| 21:32 | Construir | Farm |
| 21:32 | Construir | Farm |
| 21:34 | Crear | Villager (Male) |
| 21:35 | Crear | Villager (Male) |
| 22:04 | Crear | Villager (Male) |
| 22:06 | Investigar | Loom |
| 22:28 | Crear | Villager (Male) |
| 23:15 | Crear | Villager (Male) |
| 23:22 | Construir | Farm |
| 23:58 | Crear | Monk |
| 24:05 | Construir | Mining Camp |
| 24:14 | Construir | Lumber Camp |
| 24:25 | Construir | Market |
| 25:11 | Construir | Market |
| 25:29 | Construir | Farm |
| 25:31 | Crear | Villager (Male) |
| 25:38 | Crear | Monk |
| 25:45 | Construir | Stable |
| 25:51 | Construir | House |
| 26:04 | Investigar | Imperial Age |
| 26:04 | Investigar | Imperial Age |
| 26:08 | Construir | Farm |
| 26:25 | Construir | Watch Tower |
| 27:14 | Construir | Stable |
| 27:16 | Crear | Scout Cavalry |
| 27:16 | Crear | Scout Cavalry |
| 27:17 | Crear | Scout Cavalry |
| 27:28 | Investigar | Husbandry |
| 27:30 | Crear | Knight |
| 27:30 | Crear | Knight |
| 27:41 | Construir | Palisade Wall |
| 27:45 | Construir | House |
| 27:53 | Construir | House |
| 28:18 | Construir | Palisade Wall |
| 28:23 | Construir | House |
| 29:17 | Crear | Scout Cavalry |
| 29:18 | Crear | Scout Cavalry |
| 29:18 | Crear | Scout Cavalry |
| 29:18 | Crear | Scout Cavalry |
| 29:20 | Crear | Scout Cavalry |
| 29:21 | Crear | Scout Cavalry |
| 29:21 | Crear | Scout Cavalry |
| 30:24 | Construir | Town Center |
| 32:04 | Investigar | Devotion |
| 32:05 | Investigar | Redemption |
| 32:08 | Crear | Villager (Male) |
| 32:26 | Crear | Scout Cavalry |
| 32:26 | Crear | Scout Cavalry |
| 32:30 | Crear | Scout Cavalry |
Build order — shaila
Primeras 150 de 253 acciones detectadas
| 0:01 | Crear | Villager (Male) |
| 0:01 | Crear | Villager (Male) |
| 0:01 | Crear | Villager (Male) |
| 0:02 | Construir | House |
| 0:03 | Construir | House |
| 0:07 | Crear | Villager (Male) |
| 0:07 | Crear | Villager (Male) |
| 1:23 | Crear | Villager (Male) |
| 1:23 | Crear | Villager (Male) |
| 1:43 | Crear | Villager (Male) |
| 1:43 | Crear | Villager (Male) |
| 1:48 | Construir | Lumber Camp |
| 2:11 | Crear | Villager (Male) |
| 2:11 | Crear | Villager (Male) |
| 2:45 | Crear | Villager (Male) |
| 2:46 | Crear | Villager (Male) |
| 3:03 | Crear | Villager (Male) |
| 3:04 | Crear | Villager (Male) |
| 3:27 | Crear | Villager (Male) |
| 3:27 | Crear | Villager (Male) |
| 3:55 | Construir | House |
| 3:56 | Construir | House |
| 4:03 | Crear | Villager (Male) |
| 4:03 | Crear | Villager (Male) |
| 4:37 | Crear | Villager (Male) |
| 4:42 | Crear | Villager (Male) |
| 5:07 | Crear | Villager (Male) |
| 5:15 | Construir | Mill |
| 5:40 | Crear | Villager (Male) |
| 6:14 | Crear | Villager (Male) |
| 6:27 | Construir | Palisade Wall |
| 6:31 | Construir | Palisade Wall |
| 6:34 | Construir | Palisade Wall |
| 6:37 | Construir | Barracks |
| 6:46 | Investigar | Loom |
| 7:25 | Investigar | Feudal Age |
| 7:25 | Investigar | Feudal Age |
| 7:32 | Construir | Mining Camp |
| 7:43 | Crear | Militia |
| 7:44 | Crear | Militia |
| 8:01 | Crear | Militia |
| 8:02 | Crear | Militia |
| 8:29 | Crear | Militia |
| 8:29 | Crear | Militia |
| 8:34 | Construir | House |
| 9:31 | Crear | Militia |
| 9:35 | Edad | Edad Feudal |
| 9:43 | Construir | Archery Range |
| 9:51 | Crear | Villager (Male) |
| 9:51 | Crear | Villager (Male) |
| 9:54 | Construir | Farm |
| 9:55 | Construir | Farm |
| 9:58 | Construir | Farm |
| 9:58 | Crear | Villager (Male) |
| 10:22 | Construir | Palisade Wall |
| 10:23 | Construir | Palisade Wall |
| 10:25 | Construir | Palisade Wall |
| 10:37 | Construir | Farm |
| 10:39 | Construir | Farm |
| 10:39 | Construir | Farm |
| 10:40 | Crear | Villager (Male) |
| 10:55 | Crear | Archer |
| 10:55 | Crear | Archer |
| 11:04 | Construir | House |
| 11:06 | Crear | Villager (Male) |
| 11:17 | Crear | Archer |
| 11:17 | Crear | Archer |
| 11:28 | Crear | Villager (Male) |
| 11:32 | Construir | Farm |
| 11:47 | Construir | House |
| 11:57 | Crear | Archer |
| 11:58 | Crear | Archer |
| 12:17 | Crear | Villager (Male) |
| 12:20 | Construir | Farm |
| 12:44 | Construir | Watch Tower |
| 12:46 | Construir | Palisade Wall |
| 12:47 | Construir | Palisade Wall |
| 12:47 | Construir | Palisade Wall |
| 12:51 | Crear | Archer |
| 12:52 | Crear | Villager (Male) |
| 12:56 | Construir | Farm |
| 12:57 | Crear | Villager (Male) |
| 13:27 | Construir | Farm |
| 13:29 | Construir | House |
| 13:40 | Crear | Archer |
| 13:44 | Crear | Villager (Male) |
| 14:15 | Crear | Villager (Male) |
| 14:18 | Construir | Blacksmith |
| 14:21 | Construir | Farm |
| 14:30 | Construir | Farm |
| 14:41 | Crear | Archer |
| 14:44 | Construir | Farm |
| 14:52 | Crear | Villager (Male) |
| 15:03 | Crear | Villager (Male) |
| 15:07 | Construir | Farm |
| 15:11 | Construir | Palisade Wall |
| 15:14 | Construir | Palisade Wall |
| 15:15 | Construir | Palisade Wall |
| 15:21 | Construir | Palisade Wall |
| 15:25 | Construir | Palisade Wall |
| 15:28 | Construir | Palisade Wall |
| 15:59 | Construir | Market |
| 16:00 | Crear | Villager (Male) |
| 16:31 | Crear | Villager (Male) |
| 16:31 | Crear | Villager (Male) |
| 16:41 | Investigar | Fletching |
| 17:46 | Investigar | Castle Age |
| 17:47 | Investigar | Castle Age |
| 17:50 | Construir | Mining Camp |
| 18:43 | Investigar | Gold Mining |
| 18:43 | Investigar | Gold Mining |
| 19:17 | Construir | Farm |
| 19:23 | Construir | Stable |
| 19:25 | Crear | Villager (Male) |
| 20:16 | Crear | Villager (Male) |
| 20:21 | Construir | Farm |
| 20:25 | Crear | Villager (Male) |
| 20:26 | Edad | Edad de los Castillos |
| 20:31 | Crear | Knight |
| 20:31 | Crear | Knight |
| 20:59 | Crear | Villager (Male) |
| 21:01 | Crear | Knight |
| 21:01 | Construir | Farm |
| 21:02 | Crear | Villager (Male) |
| 21:06 | Construir | House |
| 21:07 | Construir | House |
| 21:12 | Construir | Palisade Wall |
| 21:24 | Construir | Farm |
| 21:24 | Construir | Farm |
| 21:29 | Crear | Villager (Male) |
| 21:43 | Crear | Knight |
| 21:45 | Investigar | Forging |
| 21:45 | Investigar | Forging |
| 21:56 | Construir | House |
| 22:09 | Crear | Villager (Male) |
| 22:15 | Crear | Knight |
| 22:37 | Construir | Farm |
| 22:54 | Crear | Knight |
| 22:54 | Crear | Knight |
| 23:31 | Construir | Krepost |
| 23:32 | Crear | Knight |
| 23:32 | Crear | Knight |
| 23:37 | Construir | Farm |
| 23:37 | Construir | Farm |
| 23:38 | Construir | Farm |
| 23:38 | Construir | Farm |
| 23:43 | Construir | House |
| 24:02 | Construir | House |
| 24:03 | Crear | Knight |
| 24:09 | Construir | Krepost |
Build order — AI [Easy]
Primeras 150 de 157 acciones detectadas
| 0:01 | Crear | Villager (Male) |
| 0:02 | Construir | House |
| 0:04 | Construir | House |
| 0:06 | Crear | Villager (Male) |
| 0:06 | Crear | Villager (Male) |
| 0:06 | Crear | Villager (Male) |
| 1:30 | Crear | Villager (Male) |
| 1:30 | Crear | Villager (Male) |
| 1:30 | Crear | Villager (Male) |
| 1:56 | Construir | Lumber Camp |
| 2:01 | Crear | Villager (Male) |
| 2:01 | Crear | Villager (Male) |
| 2:02 | Crear | Villager (Male) |
| 2:40 | Crear | Villager (Male) |
| 2:41 | Crear | Villager (Male) |
| 3:00 | Crear | Villager (Male) |
| 3:01 | Crear | Villager (Male) |
| 3:01 | Crear | Villager (Male) |
| 3:31 | Crear | Villager (Male) |
| 3:31 | Crear | Villager (Male) |
| 3:53 | Crear | Villager (Male) |
| 3:54 | Crear | Villager (Male) |
| 4:13 | Construir | House |
| 4:36 | Crear | Villager (Male) |
| 4:36 | Crear | Villager (Male) |
| 5:09 | Crear | Villager (Male) |
| 5:09 | Crear | Villager (Male) |
| 5:10 | Crear | Villager (Male) |
| 6:02 | Construir | House |
| 6:10 | Construir | Mill |
| 6:41 | Crear | Villager (Male) |
| 6:47 | Construir | Mill |
| 7:06 | Crear | Villager (Male) |
| 7:32 | Crear | Villager (Male) |
| 7:37 | Construir | Mining Camp |
| 8:15 | Construir | Palisade Wall |
| 8:16 | Construir | Palisade Wall |
| 8:21 | Construir | Palisade Wall |
| 8:23 | Crear | Villager (Male) |
| 8:26 | Investigar | Feudal Age |
| 8:47 | Investigar | Loom |
| 8:51 | Crear | Villager (Male) |
| 8:56 | Investigar | Loom |
| 9:01 | Construir | Farm |
| 9:36 | Crear | Villager (Male) |
| 10:05 | Construir | House |
| 10:11 | Construir | House |
| 10:17 | Construir | House |
| 10:20 | Crear | Villager (Male) |
| 10:27 | Construir | House |
| 10:55 | Construir | Mining Camp |
| 10:58 | Edad | Edad Feudal |
| 11:09 | Construir | Stone Wall |
| 11:15 | Construir | Stone Wall |
| 11:18 | Crear | Villager (Male) |
| 11:31 | Construir | Stone Wall |
| 11:34 | Crear | Villager (Male) |
| 11:34 | Crear | Villager (Male) |
| 11:44 | Construir | Farm |
| 11:44 | Construir | Farm |
| 12:27 | Crear | Villager (Male) |
| 12:33 | Crear | Villager (Male) |
| 12:39 | Construir | Barracks |
| 13:19 | Crear | Spearman |
| 13:19 | Crear | Spearman |
| 13:28 | Crear | Spearman |
| 13:32 | Construir | Mining Camp |
| 13:37 | Crear | Villager (Male) |
| 14:34 | Crear | Villager (Male) |
| 15:09 | Crear | Villager (Male) |
| 15:22 | Crear | Villager (Male) |
| 16:03 | Crear | Villager (Male) |
| 16:08 | Construir | Blacksmith |
| 16:25 | Construir | Market |
| 16:41 | Crear | Villager (Male) |
| 16:48 | Construir | Farm |
| 17:35 | Construir | Farm |
| 17:39 | Construir | Farm |
| 17:49 | Investigar | Castle Age |
| 18:25 | Crear | Villager (Male) |
| 18:56 | Construir | Farm |
| 19:03 | Investigar | Double-Bit Axe |
| 20:29 | Edad | Edad de los Castillos |
| 20:48 | Crear | Villager (Male) |
| 21:00 | Construir | Siege Workshop |
| 21:09 | Construir | House |
| 21:15 | Construir | Castle |
| 21:27 | Construir | Palisade Gate |
| 21:36 | Construir | Palisade Wall |
| 21:38 | Construir | Palisade Wall |
| 21:50 | Crear | Villager (Male) |
| 21:51 | Crear | Villager (Male) |
| 21:57 | Crear | Villager (Male) |
| 21:57 | Crear | Villager (Male) |
| 22:11 | Crear | Villager (Male) |
| 22:31 | Crear | Conquistador |
| 22:32 | Crear | Conquistador |
| 22:41 | Crear | Battering Ram |
| 22:56 | Construir | Farm |
| 22:56 | Construir | Farm |
| 22:56 | Construir | Farm |
| 22:56 | Construir | Farm |
| 22:56 | Construir | Farm |
| 22:58 | Construir | Farm |
| 23:09 | Crear | Conquistador |
| 23:36 | Crear | Battering Ram |
| 23:44 | Crear | Villager (Male) |
| 23:49 | Construir | Lumber Camp |
| 24:21 | Crear | Villager (Male) |
| 24:21 | Crear | Villager (Male) |
| 24:46 | Construir | Gate |
| 24:48 | Crear | Villager (Male) |
| 25:46 | Crear | Villager (Male) |
| 25:47 | Crear | Villager (Male) |
| 25:47 | Crear | Villager (Male) |
| 26:06 | Crear | Spearman |
| 26:07 | Crear | Spearman |
| 26:20 | Crear | Conquistador |
| 26:59 | Crear | Conquistador |
| 27:12 | Construir | Siege Workshop |
| 27:15 | Crear | Villager (Male) |
| 27:22 | Construir | Farm |
| 27:22 | Construir | Farm |
| 27:23 | Construir | Farm |
| 27:24 | Construir | Farm |
| 27:24 | Construir | Farm |
| 27:25 | Construir | Farm |
| 27:29 | Construir | Stable |
| 27:31 | Crear | Villager (Male) |
| 27:55 | Crear | Conquistador |
| 28:08 | Construir | Farm |
| 28:33 | Crear | Villager (Male) |
| 28:36 | Crear | Conquistador |
| 28:51 | Crear | Villager (Male) |
| 29:42 | Crear | Villager (Male) |
| 29:43 | Crear | Villager (Male) |
| 30:00 | Crear | Villager (Male) |
| 30:01 | Crear | Villager (Male) |
| 30:09 | Construir | Farm |
| 30:12 | Construir | Mill |
| 30:13 | Construir | Farm |
| 30:13 | Construir | Farm |
| 30:14 | Construir | Farm |
| 30:14 | Construir | Farm |
| 30:18 | Crear | Villager (Male) |
| 30:24 | Crear | Conquistador |
| 30:57 | Crear | Petard |
| 30:57 | Crear | Petard |
| 31:09 | Construir | Farm |
| 31:48 | Construir | Town Center |
Cronología de la partida
| 6:27 | shaila · wall_segment Palisade Wall x1 |
| 6:31 | shaila · wall_segment Palisade Wall x1 |
| 6:34 | shaila · wall_segment Palisade Wall x1 |
| 6:37 | shaila · first_building Barracks |
| 7:20 | LRNI_UzuI · age_up feudal |
| 8:15 | AI [Easy] · wall_segment Palisade Wall x6 |
| 8:16 | AI [Easy] · wall_segment Palisade Wall x1 |
| 8:21 | AI [Easy] · wall_segment Palisade Wall x12 |
| 9:35 | shaila · age_up feudal |
| 9:43 | shaila · first_building Archery Range |
| 9:50 | LRNI MarinM · age_up feudal |
| 10:22 | shaila · wall_segment Palisade Wall x1 |
| 10:23 | shaila · wall_segment Palisade Wall x1 |
| 10:25 | shaila · wall_segment Palisade Wall x1 |
| 10:32 | francisco.jose.serpa · wall_segment Palisade Wall x1 |
| 10:41 | LRNI MarinM · first_market_sell 100 stone |
| 10:42 | LRNI MarinM · first_market_buy 100 food |
| 10:44 | francisco.jose.serpa · wall_segment Palisade Wall x6 |
| 10:48 | francisco.jose.serpa · wall_segment Palisade Wall x8 |
| 10:58 | AI [Easy] · age_up feudal |
| 11:04 | LRNI_robotech · age_up feudal |
| 11:09 | AI [Easy] · wall_segment Stone Wall x6 |
| 11:14 | BurgeeBoy · age_up feudal |
| 11:15 | AI [Easy] · wall_segment Stone Wall x10 |
| 11:24 | LRNI MarinM · first_building Barracks |
| 11:31 | AI [Easy] · wall_segment Stone Wall x7 |
| 12:15 | Arabia practice · age_up feudal |
| 12:33 | francisco.jose.serpa · wall_segment Palisade Wall x5 |
| 12:39 | AI [Easy] · first_building Barracks |
| 12:46 | shaila · wall_segment Palisade Wall x2 |
| 12:47 | shaila · wall_segment Palisade Wall x1 |
| 12:47 | shaila · wall_segment Palisade Wall x1 |
| 13:16 | francisco.jose.serpa · age_up feudal |
| 13:25 | BurgeeBoy · first_building Barracks |
| 13:48 | LRNI MarinM · age_up castle |
| 13:48 | Arabia practice · first_building Barracks |
| 13:49 | LRNI MarinM · first_building Monastery |
| 14:27 | BurgeeBoy · first_building Stable |
| 14:31 | francisco.jose.serpa · wall_segment Palisade Wall x1 |
| 14:38 | BurgeeBoy · age_up castle |
| 14:41 | LRNI_robotech · first_building Barracks |
| 14:49 | Arabia practice · first_building Stable |
| 14:58 | LRNI MarinM · first_building Siege Workshop |
| 15:11 | shaila · wall_segment Palisade Wall x1 |
| 15:14 | shaila · wall_segment Palisade Wall x1 |
| 15:15 | shaila · wall_segment Palisade Wall x1 |
| 15:21 | shaila · wall_segment Palisade Wall x1 |
| 15:25 | shaila · wall_segment Palisade Wall x1 |
| 15:28 | shaila · wall_segment Palisade Wall x1 |
| 15:51 | LRNI_robotech · first_building Stable |
| 15:51 | Arabia practice · age_up castle |
| 16:08 | LRNI_robotech · age_up castle |
| 16:09 | francisco.jose.serpa · wall_segment Palisade Wall x1 |
| 16:11 | Arabia practice · first_building Castle |
| 16:30 | francisco.jose.serpa · wall_segment Palisade Wall x1 |
| 16:35 | Arabia practice · first_market_sell 100 wood |
| 16:37 | francisco.jose.serpa · first_building Barracks |
| 16:50 | LRNI_UzuI · wall_segment Stone Wall x1 |
| 16:51 | LRNI_UzuI · wall_segment Stone Wall x1 |
| 17:15 | AI [Easy] · first_market_buy 100 food |
| 17:16 | shaila · first_market_buy 100 food |
| 17:18 | shaila · first_market_sell 100 wood |
| 17:26 | francisco.jose.serpa · age_up castle |
| 17:27 | BurgeeBoy · first_market_buy 100 wood |
| 17:34 | francisco.jose.serpa · first_market_buy 100 wood |
| 17:38 | francisco.jose.serpa · first_building Monastery |
| 17:47 | AI [Easy] · first_market_sell 100 stone |
| 18:02 | francisco.jose.serpa · first_building Siege Workshop |
| 18:14 | LRNI_UzuI · wall_segment Palisade Wall x1 |
| 19:07 | LRNI_UzuI · wall_segment Stone Wall x2 |
| 19:08 | LRNI_UzuI · wall_segment Stone Wall x3 |
| 19:11 | LRNI_UzuI · wall_segment Stone Wall x2 |
| 19:13 | LRNI_UzuI · wall_segment Stone Wall x1 |
| 19:23 | shaila · first_building Stable |
| 20:26 | shaila · age_up castle |
| 20:29 | AI [Easy] · age_up castle |
| 21:00 | AI [Easy] · first_building Siege Workshop |
| 21:12 | shaila · wall_segment Palisade Wall x1 |
| 21:15 | AI [Easy] · first_building Castle |
| 21:36 | AI [Easy] · wall_segment Palisade Wall x1 |
| 21:38 | AI [Easy] · wall_segment Palisade Wall x1 |
| 22:07 | LRNI_UzuI · wall_segment Stone Wall x1 |
| 22:09 | LRNI_UzuI · wall_segment Stone Wall x3 |
| 22:10 | LRNI_UzuI · wall_segment Stone Wall x1 |
| 22:10 | LRNI_UzuI · wall_segment Stone Wall x1 |
| 22:11 | LRNI_UzuI · wall_segment Stone Wall x1 |
| 22:12 | LRNI_UzuI · wall_segment Stone Wall x1 |
| 22:41 | LRNI_robotech · first_building Monastery |
| 23:31 | shaila · first_building Krepost |
| 23:38 | LRNI_UzuI · wall_segment Stone Wall x6 |
| 23:53 | LRNI_UzuI · wall_segment Palisade Wall x3 |
| 23:54 | LRNI_UzuI · wall_segment Palisade Wall x2 |
| 23:55 | LRNI_UzuI · wall_segment Palisade Wall x2 |
| 23:56 | LRNI_UzuI · wall_segment Palisade Wall x1 |
| 24:02 | BurgeeBoy · tribute_sent a jugador 1 |
| 24:02 | BurgeeBoy · tribute_sent a jugador 2 |
| 24:02 | BurgeeBoy · tribute_sent a jugador 4 |
| 24:02 | BurgeeBoy · tribute_sent a jugador 5 |
| 24:02 | BurgeeBoy · tribute_sent a jugador 6 |
| 24:02 | BurgeeBoy · tribute_sent a jugador 7 |
| 24:02 | BurgeeBoy · tribute_sent a jugador 8 |
| 25:08 | LRNI_UzuI · age_up castle |
| 25:12 | LRNI_UzuI · first_building Castle |
| 25:32 | LRNI_UzuI · wall_segment Palisade Wall x1 |
| 25:45 | francisco.jose.serpa · first_building Stable |
| 26:01 | francisco.jose.serpa · first_market_sell 100 food |
| 26:03 | BurgeeBoy · first_building Monastery |
| 26:26 | Arabia practice · first_building Monastery |
| 26:35 | Arabia practice · first_building Siege Workshop |
| 26:36 | LRNI_UzuI · first_building Siege Workshop |
| 27:15 | LRNI_UzuI · first_market_buy 100 food |
| 27:29 | AI [Easy] · first_building Stable |
| 27:41 | francisco.jose.serpa · wall_segment Palisade Wall x1 |
| 28:18 | francisco.jose.serpa · wall_segment Palisade Wall x1 |
| 28:28 | LRNI_robotech · first_building Castle |
| 30:10 | BurgeeBoy · age_up imperial |
| 30:37 | LRNI_robotech · age_up imperial |
| 31:12 | LRNI MarinM · age_up imperial |
| 31:15 | BurgeeBoy · first_building Castle |
| 31:45 | LRNI_UzuI · first_building Barracks |
| 32:01 | BurgeeBoy · first_market_sell 500 food |
| 32:47 | LRNI_UzuI · first_building Stable |
| 33:16 | Arabia practice · resign |
| 34:14 | LRNI_UzuI · age_up imperial |
[ ANÁLISIS IA · 1 CRÉDITO ]
¿Qué pasó realmente en esta partida?
Wolo.gg analiza cada decisión: build order, eco, micro, errores típicos por bracket. Análisis personalizado por WhatsApp o Discord en 30 segundos.
Guía civ
Mongoles
Perfil
LRNI_UzuI